 Dungeon Sprint DCSS version 0.28.0-53-g5a82cb258f (webtiles) character file.

Game seed: 15490417247399307892

11456 Revguard the Basher (level 11, -3/178 HPs)
             Began as a Troll Gladiator on Aug 2, 2022.
             Was the Champion of Trog.
             Slain by a merfolk
             ... wielding a +0 trident
              (7 damage)
             ... in the Dungeon (Sprint V: "Ziggurat Sprint").
             The game lasted 00:11:27 (653 turns).

Revguard the Basher (Troll Gladiator)                Turns: 653, Time: 00:11:28

Health: -3/178     AC: 25    Str: 30    XL:     11   Next: 49%
Magic:  10/10      EV: 13    Int:  4    God:    Trog [******]
Gold:   0          SH:  0    Dex: 21    Spells: 10/10 levels left

rFire   + + .      SeeInvis .   E - +10 dark maul {vorpal}
rCold   + + .      Faith    .   (shield currently unavailable)
rNeg    + . .      Spirit   .   F - +5 gold dragon scales
rPois   +          Reflect  .   P - -2 hat of the Alchemist {rElec rPois rF+ rC+ rN+ Will+ rMut rCorr}
rElec   +          Harm     .   O - +1 cloak of Starlight {*Dazzle EV+4 Stlth--}
rCorr   +          Rampage  .   (gloves unavailable)
rMut    +          NoTele   +   (boots unavailable)
Will    +....                   L - amulet of regeneration
Stlth   ..........              v - +6 ring of dexterity
HPRegen 1.99/turn               z - +6 ring of strength
MPRegen 0.12/turn

@: berserking (expiring), mesmerised, studying Polearms, quick
A: large, unfitting armour, claws 3, regeneration 1, shaggy fur 1, tough skin 1
a: Renounce Religion, Berserk, Trog's Hand, Brothers in Arms


You were in the Dungeon.
You worshipped Trog.
Trog was exalted by your worship.
You visited 1 branch

Inventory:

Hand Weapons
 E - the +10 dark maul (weapon) {vorpal}
   (You found it in the Dungeon)

   It inflicts extra damage upon your enemies.
 H - a +9 great mace of holy wrath
 N - a +4 vorpal giant spiked club
Missiles
 d - 3 throwing nets (quivered)
Armour
 c - a +0 hat
 n - a +2 cloak of poison resistance
 F - +5 gold dragon scales (worn)
 O - the +1 cloak of Starlight (worn) {*Dazzle EV+4 Stlth--}
   (You found it in the Dungeon)

   It may blind those who miss an attack against the wearer in melee combat.
   EV:        It affects your evasion (+4).
   Stlth:     It makes you much less stealthy.
 P - the -2 hat of the Alchemist (worn) {rElec rPois rF+ rC+ rN+ Will+ rMut rCorr}
   (You found it in the Dungeon)

   rF:        It protects you from fire.
   rC:        It protects you from cold.
   rElec:     It insulates you from electricity.
   rPois:     It protects you from poison.
   rN:        It protects you from negative energy.
   rCorr:     It protects you from acid and corrosion.
   rMut:      It protects you from mutation.
   Will:      It increases your willpower.
Jewellery
 u - a ring of flight
 v - a +6 ring of dexterity (left claw)
 w - a +6 ring of dexterity
 x - a +6 ring of intelligence
 y - a +6 ring of intelligence
 z - a +6 ring of strength (right claw)
 A - a +6 ring of strength
 I - a ring of resist corrosion
 J - a +6 ring of strength
 K - a +6 ring of dexterity
 L - an amulet of regeneration (around neck)
 M - a ring of protection from cold
 Q - a ring of protection from fire
Wands
 B - a wand of mindburst (7)
 C - a wand of iceblast (7)
 D - a wand of acid (7)
Scrolls
 j - 4 scrolls of blinking
 p - 4 scrolls of amnesia
 q - 7 scrolls of fog
 r - a scroll of holy word
 s - 5 scrolls of identify
 t - 2 scrolls of fear
Potions
 e - 9 potions of curing
 f - 8 potions of heal wounds
 g - 6 potions of haste
 h - 7 potions of magic
 i - 3 potions of berserk rage
 k - 2 potions of brilliance
 l - 2 potions of invisibility
 m - 4 potions of resistance
 o - 5 potions of might
Miscellaneous
 a - a phial of floods
 b - a condenser vane
 G - a tin of tremorstones (2/2)


   Skills:
 + Level 10.9 Fighting
 * Level 14.2 Maces & Flails
 - Level 1.7 Throwing
 + Level 10.7 Armour
 + Level 11.0 Dodging
 + Level 9.8 Evocations


You had 10 spell levels left.
You didn't know any spells.
Your spell library was empty.

Dungeon Overview and Level Annotations

Branches:
Dungeon (1/1)

Altars:
Ashenzari
Cheibriados
Dithmenos
Elyvilon
Fedhas
Gozag
Hepliaklqana
Kikubaaqudgha
Makhleb
Nemelex Xobeh
Okawaru
Qazlal
Ru
Sif Muna
Trog
Uskayaw
Vehumet
Wu Jian
Xom
Yredelemnul
Zin
The Shining One
Beogh
Jiyva
Lugonu


Innate Abilities, Weirdness & Mutations

You are too large for most types of armour.
You have claws for hands.
Your natural rate of healing is unusually fast.
You are covered in fur. (AC +1)
You have tough skin. (AC +1)


Message History

The merfolk hits you with a +0 trident!
* * * LOW HITPOINT WARNING * * *
The merfolk impaler hits you but does no damage.
The merfolk siren hits you with a +0 vampiric spear!
* * * LOW HITPOINT WARNING * * *
The merfolk impaler barely misses you. The merfolk siren barely misses you.
You crush the merfolk impaler like a grape!!!!
You kill the merfolk impaler!
Trog accepts your kill.
The merfolk hits you but does no damage.
The merfolk siren completely misses you.
The merfolk completely misses you. The merfolk siren misses you.
Your Dodging skill increases to level 11!
You bludgeon the merfolk siren!!
The merfolk siren is severely wounded.
The merfolk siren hits you from afar with a +0 spear.
* * * LOW HITPOINT WARNING * * *
The merfolk hits you with a +0 trident!
* * * LOW HITPOINT WARNING * * *
The merfolk siren hits you but does no damage.
The merfolk avatar chants a haunting song.
You resist with almost no effort.
The merfolk siren completely misses you.
The merfolk hits you with a +0 trident!
* * * LOW HITPOINT WARNING * * *
You pound the merfolk siren like an anvil!!!!
You feel the power of Trog in you as your rage grows.
You kill the merfolk siren!
Trog accepts your kill.
Trog appreciates your killing of a magic user.
Trog grants you a weapon! Something appears at your feet!
You hear a splash.
You see here a +5 antimagic giant spiked club.
Your skin stops crawling.
You feel less strong-willed.
The merfolk siren hits you but does no damage.
The merfolk avatar chants a haunting song.
You are mesmerised by the merfolk avatar!
The merfolk hits you with a +0 trident!
You die...

▓...8©8...▓
▓..}")}≈..▓..}|[:...▓
▓≈.:[}:).≈▓.).)})...▓
▓......≈..▓.........▓
▓...≈≈m.≈≈▓...))....▓
▓≈...≈.≈..▓...).....▓
▓≈.≈≈≈....▓.)..))...▓
▓.≈≈)mm≈..▓.▓.....▓.▓
▓≈▓.@††≈▓≈▓....©....▓
▓...≈©.≈≈.▓▓▓▓▓▓▓▓▓▓▓
▓▓▓▓▓▓▓▓▓▓▓


You could see a merfolk avatar (mesmerising), a merfolk and a merfolk siren.

Vanquished Creatures
  A deep elf annihilator (D)
  A merfolk impaler (D)
  2 dancing weapons (D)
  3 hell hogs (D)
  A deep elf knight (D)
  A sea snake (D)
  A deep elf archer (D)
  A harpy (D)
  A merfolk siren (D)
  2 manticores (D)
  A rime drake (D)
  A yaktaur (D)
  4 merfolk (D)
  A wind drake (D)
  An air elemental (D)
  3 spriggans (D)
  A water elemental (D)
  2 fire elementals (D)
  2 water moccasins (D)
  2 hell hounds (D)
  A black bear (D)
  A necrophage (D)
  3 wolves (D)
  4 centaurs (D)
  2 phantoms (D)
  4 bullfrogs (D)
  An orc priest (D)
  An orc wizard (D)
  A river rat (D)
  A bat skeleton (D)
  A bat zombie (D)
  2 jackals (D)
  3 ball pythons (D)
  A ball python skeleton (D)
  A fire vortex (D)
59 creatures vanquished.

Vanquished Creatures (others)
  A deep elf zephyrmancer (D)
  A fire vortex (D)
2 creatures vanquished.

Grand Total: 61 creatures vanquished

Notes
Turn   | Place    | Note
-------+----------+-------------------------------------------
     0 | D        | Revguard the Troll Gladiator began the quest for the Orb.
     0 | D        | Reached XP level 1. HP: 19/19 MP: 0/0
     0 | D        | Found a blossoming altar of Fedhas.
     0 | D        | Found the +6 Majin-Bo {vamp, MP+6 Int+6}
     0 | D        | Found the +9 heavy crossbow "Sniper" {vorpal, Acc+∞ SInv}
     0 | D        | Found the +10 dark maul {vorpal}
     0 | D        | Found the +15 Maxwell's patent armour {-Cast -Tele rElec
                  | Will+ rCorr}
     0 | D        | Found the +18 shield of the Gong {rElec rN+ Will+ EV-5}
     0 | D        | Found the +14 obsidian axe {vorpal, Mesm Drain Fly SInv}
     0 | D        | Found the +7 great mace "Firestarter" {inner flame, rF++}
     0 | D        | Found the +6 shillelagh "Devastator" {shatter}
     0 | D        | Found the +11 plutonium sword {Contam Stlth-}
     0 | D        | Found the +8 lance "Wyrmbane" {slay drac, rPois rF+ rC+
                  | AC+3}
     0 | D        | Found the +9 sword of Zonguldrok {reap}
     0 | D        | Found the +13 scythe of Curses {drain, Drain}
     0 | D        | Found the +5 sword of Power {vorpal}
     0 | D        | Found the +7 mace of Variability {chain chaos}
     0 | D        | Found the +7 Singing Sword {vorpal, sonic wave}
     0 | D        | Found the +8 storm bow {elec, penet}
     1 | D        | Found a shimmering blue altar of Sif Muna.
     1 | D        | Found a sacrificial altar of Ru.
     1 | D        | Found a bloodstained altar of Trog.
     1 | D        | Found a stormy altar of Qazlal.
     1 | D        | Found an iron altar of Okawaru.
     1 | D        | Found a sparkling altar of Nemelex Xobeh.
     3 | D        | Found a transporter.
     3 | D        | Found an ancient bone altar of Kikubaaqudgha.
     3 | D        | Found a viscous altar of Jiyva.
     3 | D        | Found a corrupted altar of Lugonu.
     3 | D        | Found a hazy altar of Hepliaklqana.
     3 | D        | Found a burning altar of Makhleb.
     3 | D        | Found an opulent altar of Gozag.
   122 | D        | Became a worshipper of Trog the Wrathful
   130 | D        | Reached skill level 4 in Maces & Flails
   130 | D        | Reached XP level 2. HP: 31/31 MP: 1/1
   138 | D        | Entered arena 2.
   138 | D        | Found a transporter.
   141 | D        | Reached XP level 3. HP: 37/37 MP: 2/2
   141 | D        | Reached * piety under Trog
   158 | D        | Entered arena 3.
   158 | D        | Noticed a bullfrog
   158 | D        | Found a transporter.
   160 | D        | Killed a bullfrog
   161 | D        | Reached skill level 5 in Maces & Flails
   161 | D        | Reached XP level 4. HP: 48/48 MP: 3/3
   171 | D        | Entered arena 4.
   171 | D        | Noticed a water moccasin
   171 | D        | Found a transporter.
   173 | D        | Reached ** piety under Trog
   175 | D        | Killed a water moccasin
   176 | D        | Reached skill level 5 in Dodging
   176 | D        | Reached XP level 5. HP: 45/55 MP: 4/4
   196 | D        | Entered arena 5.
   196 | D        | Noticed a merfolk
   196 | D        | Noticed a merfolk
   196 | D        | Noticed a merfolk
   196 | D        | Noticed a merfolk
   196 | D        | Found a transporter.
   201 | D        | Killed a merfolk
   201 | D        | Reached *** piety under Trog
   202 | D        | Reached skill level 5 in Fighting
   202 | D        | Reached skill level 6 in Maces & Flails
   202 | D        | Reached skill level 5 in Armour
   202 | D        | Reached XP level 6. HP: 12/67 MP: 5/5
   206 | D        | Killed a merfolk
   207 | D        | Reached skill level 7 in Maces & Flails
   207 | D        | Reached skill level 5 in Evocations
   207 | D        | Reached XP level 7. HP: 20/76 MP: 6/6
   208 | D        | Killed a merfolk
   210 | D        | Killed a merfolk
   211 | D        | Reached XP level 8. HP: 9/84 MP: 7/7
   255 | D        | Entered arena 6.
   255 | D        | Noticed a yaktaur
   255 | D        | Found a transporter.
   259 | D        | Killed a yaktaur
   259 | D        | Reached **** piety under Trog
   260 | D        | Reached skill level 8 in Maces & Flails
   264 | D        | Reached ***** piety under Trog
   312 | D        | Entered arena 7.
   312 | D        | Noticed a rime drake
   313 | D        | Found a transporter.
   316 | D        | Killed a rime drake
   319 | D        | Reached XP level 9. HP: 82/96 MP: 8/8
   322 | D        | Reached skill level 9 in Maces & Flails
   328 | D        | Received a gift from Trog
   357 | D        | Entered arena 8.
   358 | D        | Found a transporter.
   378 | D        | Entered arena 9.
   379 | D        | Found a transporter.
   388 | D        | Reached skill level 10 in Maces & Flails
   388 | D        | Reached ****** piety under Trog
   393 | D        | Received a gift from Trog
   417 | D        | Entered arena 10.
   417 | D        | Found the +1 cloak of Starlight {*Dazzle EV+4 Stlth--}
   417 | D        | Noticed a hell hog
   417 | D        | Noticed a hell hog
   417 | D        | Noticed a hell hog
   418 | D        | Found a transporter.
   421 | D        | Killed a hell hog
   422 | D        | Killed a hell hog
   423 | D        | Reached skill level 11 in Maces & Flails
   423 | D        | Reached XP level 10. HP: 53/107 MP: 9/9
   423 | D        | Killed a hell hog
   460 | D        | Entered arena 11.
   460 | D        | Found the -2 hat of the Alchemist {rElec rPois rF+ rC+ rN+
                  | Will+ rMut rCorr}
   460 | D        | Noticed a +2 long sword of electrocution
   460 | D        | Noticed a deep elf zephyrmancer
   460 | D        | Noticed a deep elf archer
   460 | D        | Noticed a deep elf annihilator
   460 | D        | Noticed a +0 vorpal hand axe
   460 | D        | Noticed a deep elf knight
   460 | D        | Paralysed by an air elemental for 1 turns
   461 | D        | Found a transporter.
   464 | D        | Received a gift from Trog
   464 | D        | Killed a +0 vorpal hand axe
   464 | D        | Killed a deep elf knight
   464 | D        | Killed a deep elf zephyrmancer
   465 | D        | Reached skill level 10 in Fighting
   465 | D        | Reached skill level 12 in Maces & Flails
   465 | D        | Reached skill level 10 in Dodging
   467 | D        | Killed a deep elf archer
   468 | D        | Killed a deep elf annihilator
   469 | D        | Reached skill level 13 in Maces & Flails
   469 | D        | Reached skill level 10 in Armour
   469 | D        | Reached XP level 11. HP: 36/118 MP: 10/10
   474 | D        | HP: 5/177 [+2 long sword of electrocution (15)]
   475 | D        | Killed a +2 long sword of electrocution
   475 | D        | Received a gift from Trog
   637 | D        | Entered arena 12.
   637 | D        | Noticed a harpy
   637 | D        | Noticed a sea snake
   637 | D        | Noticed a merfolk avatar
   638 | D        | Noticed a merfolk impaler
   643 | D        | Killed a harpy
   649 | D        | Killed a sea snake
   650 | D        | Reached skill level 14 in Maces & Flails
   651 | D        | Killed a merfolk impaler
   652 | D        | HP: 1/178 [merfolk/+0 trident (8)]
   653 | D        | Received a gift from Trog
   653 | D        | Slain by a merfolk

Illustrated notes

Levels and vault maps discovered:
D:        sprint_v [room_start, room_1, room_2, room_3, room_4, room_5, room_6,
          room_7, room_8, room_9, room_10, room_11, room_12, room_13, room_14,
          room_15, room_16, room_17, room_18, room_19, room_20, room_21,
          room_22, room_23, room_24, room_25, room_26, room_27]

Skill      XL: |  1  2  3  4  5  6  7  8  9 10 11 |
---------------+----------------------------------+-----
Fighting       | 3 4 5 6 7 9 10 | 10.9
Maces & Flails | 4 5 6 7 8 11 13 14 | 14.2
Armour         | 2 3 4 5 6 7 9 10 | 10.7
Dodging        | 3 4 5 6 7 8 9 10 11 | 11.0
Evocations     | 2 3 4 5 6 7 8 9 |  9.8
Throwing       | |  1.7

Action                   |  1- 3 |  4- 6 |  7- 9 | 10-12 || total
-------------------------+-------+-------+-------+-------++-------
Melee: Maul              |     3 |    11 |    47 |    24 ||    85
Invok: Berserk           |       |     1 |     2 |     2 ||     5
       Trog's Hand       |       |     1 |     1 |     1 ||     3
Evoke: Tin of tremorston |       |       |     1 |     2 ||     3
       Condenser vane    |       |       |     1 |     1 ||     2
  Use: Potion            |     1 |     1 |       |     2 ||     4
       Scroll            |       |     4 |       |       ||     4
Armor: Gold dragon scale |    10 |    37 |   267 |    68 ||   382
Dodge: Dodged            |       |    18 |   156 |    67 ||   241
